SL
THUNDER BAY NORTHERN LIONS BC @ PHOENIX HOTSPUR
05/29/2034
 
TOP OF THE 1ST
Thunder Bay Northern Lions BC batting - Pitching for Phoenix Hotspur : RHP Miguel Rubia
Pitching: RHP Miguel Rubia
Batting: RHB António Mendoza 0-0: Ball
1-0: Ball
2-0: Called Strike
2-1: Ball
3-1: Base on Balls
Batting: LHB Luis Freitas 0-0: Called Strike
0-1: Ball
1-1: Fielders Choice at 2nd, 5-4 (Groundball, 56)
Batting: RHB Juan Pedraza 0-0: Ball
Luis Freitas steals 2nd base
1-0: Swinging Strike
1-1: Fly out, F8 (Flyball, 89D)
Runner from 2nd tags up, SAFE at 3rd, no throw
Batting: RHB José Vázquez 0-0: Ball
1-0: Foul Ball, location: 2F
1-1: Ball
2-1: Ball
3-1: SINGLE (Line Drive, 4M)
Luis Freitas scores
Batting: RHB Edgar Balerio 0-0: Ball
1-0: Called Strike
1-1: Foul Ball, location: 2F
1-2: Ball
2-2: Ground out 4-3 (Groundball, 4)
Top of the 1st over - 1 run, 1 hit, 0 errors, 1 left on base; Thunder Bay 1 - Phoenix 0
BOTTOM OF THE 1ST
Phoenix Hotspur batting - Pitching for Thunder Bay Northern Lions BC : RHP Rafael Cardona
Pitching: RHP Rafael Cardona
Batting: LHB Mare Riseley 0-0: Ball
1-0: SINGLE (Line Drive, 6D)
Batting: RHB Kyle Bywaters 0-0: Ball
1-0: SINGLE (Groundball, 6D)
Mare Riseley to second
Mare Riseley to third
Batting: LHB Tadayoshi Watanabe 0-0: Ball
1-0: Foul Ball, location: 2F
1-1: Ball
2-1: Foul Ball, location: 2F
2-2: Ball
3-2: Foul Ball, location: 2F
3-2: Foul Ball, location: 2F
3-2: Fly out, F8 (Line Drive, 8RS)
Runner from 3rd tags up, SCORES, no throw
Batting: LHB Harumi Takaki 0-0: Ball
1-0: 2-RUN HOME RUN (Flyball, 9LD), Distance : 366 ft
Batting: RHB Gabriel Pérez 0-0: Called Strike
0-1: Foul Ball, location: 2F
0-2: Ball
1-2: Foul Ball, location: 2F
1-2: Ball
2-2: Ball
3-2: Foul Ball, location: 2F
3-2: Foul Ball, location: 2F
3-2: Foul Ball, location: 2F
3-2: SINGLE (Line Drive, 78S)
Batting: RHB Martín Talia 0-0: Ball
1-0: Ball
2-0: Foul Ball, location: 2F
2-1: Foul Ball, location: 2F
2-2: Foul Ball, location: 2F
2-2: SINGLE (Line Drive, 4MD)
Gabriel Pérez to second
Batting: RHB Julián De Paz 0-0: Called Strike
Gabriel Pérez steals 3rd base
Martín Talia to second
0-1: Ball
1-1: Foul Ball, location: 2F
1-2: Ball
2-2: Ball
3-2: Fly out, F6 (Line Drive, 6)
Batting: LHB Corey Ferguson 0-0: Foul Ball, location: 2F
0-1: Ball
1-1: Ground out U3 (Groundball, 34)
Bottom of the 1st over - 3 runs, 5 hits, 0 errors, 2 left on base; Thunder Bay 1 - Phoenix 3
TOP OF THE 2ND
Thunder Bay Northern Lions BC batting - Pitching for Phoenix Hotspur : RHP Miguel Rubia
Batting: RHB Ramón Degollado 0-0: Fly out, F8 (Flyball, 8LM)
Batting: SHB Robert La Caze 0-0: Foul Ball, location: 2F
0-1: Ball
1-1: SINGLE (Line Drive, 89M)
Batting: RHB Kasper Schuilenberg 0-0: Ball
1-0: Called Strike
1-1: Fly out, F8 (Flyball, 8LD)
Batting: RHB Augusto Encarnación 0-0: Ball
Robert La Caze steals 2nd base
1-0: Ball
2-0: Ball
3-0: Called Strike
3-1: Called Strike
3-2: Base on Balls
Batting: RHB António Mendoza 0-0: Ball
1-0: Ball
2-0: Called Strike
2-1: Foul Ball, location: 2F
2-2: Foul Ball, location: 2F
2-2: Ball
3-2: Foul Ball, location: 2F
3-2: Ground out 4-3 (Groundball, 4)
Top of the 2nd over - 0 runs, 1 hit, 0 errors, 2 left on base; Thunder Bay 1 - Phoenix 3
BOTTOM OF THE 2ND
Phoenix Hotspur batting - Pitching for Thunder Bay Northern Lions BC : RHP Rafael Cardona
Batting: RHB Lopahin Davletyarov 0-0: Ball
1-0: Called Strike
1-1: Ball
2-1: Called Strike
2-2: Strikes out swinging
Batting: LHB Mare Riseley 0-0: Called Strike
0-1: Ball
1-1: Ground out U3 (Groundball, 34)
Batting: RHB Kyle Bywaters 0-0: Called Strike
0-1: Ball
1-1: Called Strike
1-2: Foul Ball, location: 2F
1-2: Fly out, F5 (Line Drive, 5)
Bottom of the 2nd over - 0 runs, 0 hits, 0 errors, 0 left on base; Thunder Bay 1 - Phoenix 3
TOP OF THE 3RD
Thunder Bay Northern Lions BC batting - Pitching for Phoenix Hotspur : RHP Miguel Rubia
Batting: LHB Luis Freitas 0-0: Ball
1-0: Swinging Strike
1-1: Foul Ball, location: 2F
1-2: Strikes out swinging
Batting: RHB Juan Pedraza 0-0: Ground out 4-3 (Groundball, 4MS)
Batting: RHB José Vázquez 0-0: Ball
1-0: Called Strike
1-1: Ball
2-1: Foul Ball, location: 2F
2-2: Foul Ball, location: 2F
2-2: Strikes out swinging
Top of the 3rd over - 0 runs, 0 hits, 0 errors, 0 left on base; Thunder Bay 1 - Phoenix 3
BOTTOM OF THE 3RD
Phoenix Hotspur batting - Pitching for Thunder Bay Northern Lions BC : RHP Rafael Cardona
Batting: LHB Tadayoshi Watanabe 0-0: Swinging Strike
0-1: Ball
1-1: Ball
2-1: Swinging Strike
2-2: Foul Ball, location: 2F
2-2: SINGLE (Line Drive, 3)
Batting: LHB Harumi Takaki 0-0: Ball
1-0: Called Strike
1-1: Ball
2-1: Swinging Strike
2-2: Foul Ball, location: 2F
2-2: Ball
3-2: Fly out, F8 (Flyball, 8LS)
Batting: RHB Gabriel Pérez 0-0: Foul Ball, location: 2F
0-1: Swinging Strike
0-2: Ball
1-2: Foul Ball, location: 2F
1-2: Fly out, F3 (Popup, 34S)
Batting: RHB Martín Talia 0-0: Called Strike
0-1: SINGLE (Flyball, 8RS)
Tadayoshi Watanabe to second
Batting: RHB Julián De Paz 0-0: Ground out U3 (Groundball, 3L)
Bottom of the 3rd over - 0 runs, 2 hits, 0 errors, 2 left on base; Thunder Bay 1 - Phoenix 3
TOP OF THE 4TH
Thunder Bay Northern Lions BC batting - Pitching for Phoenix Hotspur : RHP Miguel Rubia
Batting: RHB Edgar Balerio 0-0: Fly out, F7 (Flyball, 7D)
Batting: RHB Ramón Degollado 0-0: Called Strike
0-1: Ball
1-1: Ball
2-1: Foul Ball, location: 2F
2-2: Ball
3-2: Foul Ball, location: 2F
3-2: Fly out, F9 (Flyball, 9LDF)
Batting: SHB Robert La Caze 0-0: Ball
1-0: Ball
2-0: Called Strike
2-1: Ball
3-1: Foul Ball, location: 2F
3-2: Foul Ball, location: 2F
3-2: Foul Ball, location: 2F
3-2: Foul Ball, location: 2F
3-2: Strikes out swinging
Top of the 4th over - 0 runs, 0 hits, 0 errors, 0 left on base; Thunder Bay 1 - Phoenix 3
BOTTOM OF THE 4TH
Phoenix Hotspur batting - Pitching for Thunder Bay Northern Lions BC : RHP Rafael Cardona
Batting: LHB Corey Ferguson 0-0: Called Strike
0-1: Ball
1-1: Swinging Strike
1-2: SINGLE (Groundball, 4D)
Batting: RHB Lopahin Davletyarov 0-0: Called Strike
0-1: Ball
1-1: Foul Ball, location: 2F
1-2: Ball
2-2: Strikes out swinging
Pitching: RHP Cory Sanders
Batting: LHB Mare Riseley 0-0: Ball
1-0: Ball
2-0: SINGLE (Line Drive, 34)
Corey Ferguson to second
Runner from 2nd tries for 3rd, SAFE, no throw
Batting: RHB Kyle Bywaters 0-0: Ball
Pickoff Throw to First - Out!
1-0: Foul Ball, location: 2F
1-1: Fly out, F8 (Line Drive, 8LM)
Bottom of the 4th over - 0 runs, 2 hits, 0 errors, 1 left on base; Thunder Bay 1 - Phoenix 3
TOP OF THE 5TH
Thunder Bay Northern Lions BC batting - Pitching for Phoenix Hotspur : RHP Miguel Rubia
Batting: RHB Kasper Schuilenberg 0-0: Ball
1-0: Ball
2-0: Ball
3-0: Called Strike
3-1: Base on Balls
Batting: RHB Augusto Encarnación 0-0: Bunt - Flyout! F5
Batting: RHB António Mendoza 0-0: Ball
1-0: Grounds into double play, 5-4-3 (Groundball, 5L)
Top of the 5th over - 0 runs, 0 hits, 0 errors, 0 left on base; Thunder Bay 1 - Phoenix 3
BOTTOM OF THE 5TH
Phoenix Hotspur batting - Pitching for Thunder Bay Northern Lions BC : RHP Cory Sanders
Batting: LHB Tadayoshi Watanabe 0-0: Ball
1-0: Foul Ball, location: 2F
1-1: Ball
2-1: Foul Ball, location: 2F
2-2: Strikes out swinging
Batting: LHB Harumi Takaki 0-0: Ball
1-0: Ball
2-0: Ground out 4-3 (Groundball, 4)
Batting: RHB Gabriel Pérez 0-0: Ball
1-0: Swinging Strike
1-1: Called Strike
1-2: Strikes out swinging
Bottom of the 5th over - 0 runs, 0 hits, 0 errors, 0 left on base; Thunder Bay 1 - Phoenix 3
TOP OF THE 6TH
Thunder Bay Northern Lions BC batting - Pitching for Phoenix Hotspur : RHP Miguel Rubia
Batting: LHB Luis Freitas 0-0: Swinging Strike
0-1: Ball
1-1: Called Strike
1-2: Strikes out looking
Batting: RHB Juan Pedraza 0-0: Called Strike
0-1: Foul Ball, location: 2F
0-2: Fly out, F9 (Flyball, 9S)
Batting: RHB José Vázquez 0-0: Swinging Strike
0-1: Ball
1-1: Swinging Strike
1-2: Foul Ball, location: 2F
1-2: Strikes out swinging
Top of the 6th over - 0 runs, 0 hits, 0 errors, 0 left on base; Thunder Bay 1 - Phoenix 3
BOTTOM OF THE 6TH
Phoenix Hotspur batting - Pitching for Thunder Bay Northern Lions BC : RHP Cory Sanders
Batting: RHB Martín Talia 0-0: Ball
1-0: Fly out, F5 (Popup, 56S)
Batting: RHB Julián De Paz 0-0: Ball
1-0: Ball
2-0: Ball
3-0: Called Strike
3-1: Foul Ball, location: 2F
3-2: Base on Balls
Batting: LHB Corey Ferguson 0-0: Ball
1-0: Ball
2-0: Ball
3-0: Called Strike
3-1: Foul Ball, location: 2F
3-2: Foul Ball, location: 2F
3-2: Base on Balls
Julián De Paz to second
Batting: RHB Lopahin Davletyarov 0-0: Ground out 5-3 (Groundball, 56S)
Julián De Paz to third
Corey Ferguson to second
Batting: LHB Mare Riseley 0-0: Foul Ball, location: 2F
0-1: Foul Ball, location: 2F
0-2: Ball
1-2: Ball
2-2: Fly out, F4 (Flyball, 34D)
Bottom of the 6th over - 0 runs, 0 hits, 0 errors, 2 left on base; Thunder Bay 1 - Phoenix 3
TOP OF THE 7TH
Thunder Bay Northern Lions BC batting - Pitching for Phoenix Hotspur : RHP Miguel Rubia
Batting: RHB Edgar Balerio 0-0: Called Strike
0-1: Foul Ball, location: 2F
0-2: Foul Ball, location: 2F
0-2: Ball
1-2: Strikes out looking
Batting: RHB Ramón Degollado 0-0: Ground out 5-3 (Groundball, 56S)
Batting: SHB Robert La Caze 0-0: Ground out 6-3 (Groundball, 56)
Top of the 7th over - 0 runs, 0 hits, 0 errors, 0 left on base; Thunder Bay 1 - Phoenix 3
BOTTOM OF THE 7TH
Phoenix Hotspur batting - Pitching for Thunder Bay Northern Lions BC : RHP Cory Sanders
Batting: RHB Kyle Bywaters 0-0: Swinging Strike
0-1: Ground out 1-3 (Groundball, P)
Batting: LHB Tadayoshi Watanabe 0-0: Called Strike
0-1: Ball
1-1: Foul Ball, location: 2F
1-2: Foul Ball, location: 2F
1-2: Fly out, F2 (Popup, 25F)
Batting: LHB Harumi Takaki 0-0: Ball
1-0: Foul Ball, location: 2F
1-1: Foul Ball, location: 2F
1-2: Ground out 4-3 (Groundball, 34D)
Bottom of the 7th over - 0 runs, 0 hits, 0 errors, 0 left on base; Thunder Bay 1 - Phoenix 3
TOP OF THE 8TH
Thunder Bay Northern Lions BC batting - Pitching for Phoenix Hotspur : RHP Miguel Rubia
Batting: RHB Kasper Schuilenberg 0-0: Ball
1-0: Ball
2-0: Ball
3-0: Base on Balls
Batting: RHB Augusto Encarnación 0-0: Ball
1-0: Ball
2-0: Called Strike
2-1: Ball
3-1: SINGLE (Groundball, 56) (infield hit)
Kasper Schuilenberg to second
Batting: RHB António Mendoza 0-0: Called Strike
0-1: Swinging Strike
0-2: Hit by Pitch
Kasper Schuilenberg to third
Augusto Encarnación to second
Batting: LHB Luis Freitas 0-0: Ball
1-0: SINGLE (Groundball, 34)
Kasper Schuilenberg scores
Augusto Encarnación to third
António Mendoza to second
Runner from 3rd tries for Home, SAFE, no throw
Batting: RHB Juan Pedraza 0-0: Fielders Choice at 2nd, 4-6 (Groundball, 4)
António Mendoza to third
Batting: RHB José Vázquez 0-0: Ball
1-0: Called Strike
1-1: Called Strike
1-2: Fielders Choice at 2nd, 4-6 (Groundball, 4)
António Mendoza scores
Pitching: RHP Kenny Kawaguchi
Batting: RHB Edgar Balerio 0-0: Called Strike
0-1: Ball
1-1: Called Strike
1-2: Ball
2-2: Foul Ball, location: 2F
2-2: Foul Ball, location: 2F
2-2: Foul Ball, location: 2F
2-2: Strikes out swinging
Top of the 8th over - 3 runs, 2 hits, 0 errors, 1 left on base; Thunder Bay 4 - Phoenix 3
BOTTOM OF THE 8TH
Phoenix Hotspur batting - Pitching for Thunder Bay Northern Lions BC : RHP Cory Sanders
Batting: RHB Gabriel Pérez 0-0: Ball
1-0: Foul Ball, location: 2F
1-1: Called Strike
1-2: Ball
2-2: Strikes out swinging
Batting: RHB Martín Talia 0-0: Fly out, F7 (Flyball, 7)
Batting: RHB Julián De Paz 0-0: Ball
1-0: Called Strike
1-1: Ball
2-1: Swinging Strike
2-2: Strikes out swinging
Bottom of the 8th over - 0 runs, 0 hits, 0 errors, 0 left on base; Thunder Bay 4 - Phoenix 3
TOP OF THE 9TH
Thunder Bay Northern Lions BC batting - Pitching for Phoenix Hotspur : RHP Kenny Kawaguchi
Batting: RHB Ramón Degollado 0-0: Ball
1-0: Ball
2-0: Called Strike
2-1: Ball
3-1: Foul Ball, location: 2F
3-2: Ground out 1-3 (Groundball, 13S)
Batting: SHB Robert La Caze 0-0: Ball
1-0: SINGLE (Groundball, 34S) (infield hit)
Batting: RHB Kasper Schuilenberg 0-0: Called Strike
Robert La Caze steals 2nd base
0-1: Ball
1-1: Swinging Strike
1-2: Strikes out looking
Batting: RHB Augusto Encarnación 0-0: Swinging Strike
0-1: Ball
1-1: Foul Ball, location: 2F
1-2: Fly out, F7 (Flyball, 7S)
Top of the 9th over - 0 runs, 1 hit, 0 errors, 1 left on base; Thunder Bay 4 - Phoenix 3
BOTTOM OF THE 9TH
Phoenix Hotspur batting - Pitching for Thunder Bay Northern Lions BC : RHP Cory Sanders
Batting: LHB Corey Ferguson 0-0: Called Strike
0-1: Ball
1-1: Called Strike
1-2: SOLO HOME RUN (Flyball, 9LD), Distance : 363 ft
Batting: RHB Lopahin Davletyarov 0-0: Called Strike
0-1: Ball
1-1: Foul Ball, location: 2F
1-2: Ball
2-2: Foul Ball, location: 2F
2-2: Ball
3-2: Base on Balls
Pitching: RHP Mitchell Atwell
Batting: LHB Mare Riseley 0-0: Bunted foul
0-1: Bunted foul
0-2: Ball
1-2: Fly out, F8 (Flyball, 8RS)
Batting: RHB Kyle Bywaters 0-0: Ball
1-0: Foul Ball, location: 2F
Balk!
Lopahin Davletyarov to second
1-1: Foul Ball, location: 2F
1-2: SINGLE (Line Drive, 9S)
Lopahin Davletyarov to third
Runner from 3rd tries for Home, SAFE, no throw
Friday, March 29th, 2019 - OOTP Baseball 18.8 Build 76